 Dungeon Crawl Stone Soup version 0.16-a0-2675-g216447c (webtiles) character file.

183 PolkaDot the Caller (level 5, -2/38 HPs)
             Began as a Vampire Summoner on Nov 24, 2014.
             Slain by a giant gecko (3 damage)
             ... on level 4 of the Dungeon.
             The game lasted 00:14:54 (2553 turns).

PolkaDot the Caller (Vampire Summoner)              Turns: 2553, Time: 00:14:54

Health: -2/38      AC:  2    Str:  7    XL:     5   Next: 35%
Magic:  1/9        EV: 17    Int: 18    God:
Gold:   151        SH:  0    Dex: 19    Spells: 3 memorised, 2 levels left

rFire  . . .     SeeInvis +     h - -3 quarterstaff (curse)
rCold  . . .     Clarity  .     a - +0 robe
rNeg   + . .     SustAb   .     (no shield)
rPois  .         Gourm    .     (no helmet)
rElec  .         Spirit   .     (no cloak)
rCorr  .         Warding  +     (no gloves)
rMut   .         Stasis   .     (no boots)
MR     .....                    d - amulet of warding
Stlth  +++.......               k - +5 ring of dexterity
                                c - +4 ring of evasion

@: regenerating quickly, not resistant to hostile enchantments, fairly stealthy
A: bottle blood, fangs 3, see invisible, unbreathing
a: no special abilities


You were on level 4 of the Dungeon.
You were full.

You visited 1 branch of the dungeon, and saw 4 of its levels.

You collected 151 gold pieces.

Inventory:

Hand weapons
 f - a +0 short sword
 h - a cursed -3 quarterstaff (weapon)
Armour
 a - a +0 robe (worn)
Jewellery
 c - a +4 ring of evasion (left hand)
 d - an amulet of warding (around neck)
 k - a +5 ring of dexterity (right hand)
 q - an uncursed ring of protection from cold
Magical devices
 l - a wand of confusion (6)
Scrolls
 i - a scroll of fear
 j - a scroll of teleportation {unknown}
 m - a scroll of random uselessness {unknown}
 n - a scroll of amnesia {unknown}
 p - a scroll of immolation {unknown}
Potions
 o - 2 potions of cancellation
Books
 b - a book of Callings

   Spells                             Type                      Level
   *Summon Small Mammal               Summoning                    1
   *Call Imp                          Summoning                    2
   *Call Canine Familiar              Summoning                    3
   Summon Guardian Golem              Hexes/Summoning              4
   Summon Lightning Spire             Summoning/Air                4
   Summon Ice Beast                   Ice/Summoning                4


   Skills:
 - Level 2.1 Fighting
 * Level 2.5 Staves
 - Level 2.1 Dodging
 - Level 3.0 Stealth
 - Level 2.0 Spellcasting
 + Level 5.1 Summonings


You had 2 spell levels left.
You knew the following spells:

 Your Spells              Type           Power        Failure   Level  Hunger
a - Summon Small Mammal   Summ           ###.         1%          1    #......
d - Call Canine Familiar  Summ           ###.....     10%         3    ###....
s - Call Imp              Summ           ###.....     3%          2    ###....


Dungeon Overview and Level Annotations

Branches:
Dungeon (4/15)
 Temple: D:4-7

Altars:
Ru
The Shining One


Innate Abilities, Weirdness & Mutations

Your natural rate of healing is unusually fast.
You can bottle blood from corpses.
You have razor-sharp teeth.
You have supernaturally acute eyesight.
You can survive without breathing.


Message History

A mummy comes into view.
The giant gecko closely misses you.
Your hound stops to sniff the ground.
You barely miss the giant gecko.
The giant gecko is moderately wounded.
The giant gecko barely misses you.
You closely miss the giant gecko.
You bite the giant gecko, but do no damage.
The giant gecko is moderately wounded.
The giant gecko misses you. The giant gecko bites you.
* * * LOW HITPOINT WARNING * * *
You miss the giant gecko.
The giant gecko is heavily wounded.
The giant gecko bites you.
* * * LOW HITPOINT WARNING * * *
Unknown command.
You barely miss the giant gecko.
The giant gecko is heavily wounded.
The giant gecko closely misses you. The giant gecko bites you.
You die...

,,,,,,,,,,,,,,,..#,,*,,,*,,*
,,**,,,,,,**.....#*,**,,*,,*
,,*****+*,*#.....#,,,**,*,,*
,,,,,,,,,,.......#,,,,,,*,,*
,,,,,,,,,........#####,,*,,*
,,,,,,,,...M.........#,,*,,*
,,,,,,,,<..........P.###*,,*
,,**,,,,,,*#.............,,*
,,*******+*#....@#***,***,,*
,,,,,,,,,.,+....l# *,,* *,**
,,,,,,.....#...h.# *,** *,*
,,,,,,.....#.....##*,# *,*
,,,,,......#...†..##.###*,*
,,,,....................,,*
,,,....+...........#...#***
,,##.....>##.....#...⌠.,*
,................#....r,*


You could see a mummy, a giant gecko and a friendly hound.

Vanquished Creatures
  A scorpion (D:4)
  An ooze (D:2)
  3 orcs (D:3)
  3 bats
  4 giant cockroaches
  6 hobgoblins
  A jackal (D:1)
  2 giant newts (D:1)
  4 goblins
  2 goblin skeletons (D:4)
  A goblin zombie (D:4)
  A hobgoblin zombie (D:4)
  3 kobolds
  A kobold skeleton (D:4)
  3 kobold zombies (D:4)
  3 orc skeletons (D:4)
  3 rats
42 creatures vanquished.

Vanquished Creatures (collateral kills)
  A phantom (D:4)
  An orc wizard (D:3)
  2 adders
  A gnoll (D:1)
  A white imp (D:4)
  2 worms
  A giant gecko (D:4)
  4 hobgoblins
  2 jackals (D:1)
  A kobold skeleton (D:4)
  A rat (D:2)
17 creatures vanquished.

Vanquished Creatures (others)
  A hound (D:4)
  5 quokkas
  3 bats
9 creatures vanquished.

Grand Total: 68 creatures vanquished

Notes
Turn   | Place    | Note
--------------------------------------------------------------
     0 | D:1      | PolkaDot, the Vampire Summoner, began the quest for the Orb.
     0 | D:1      | Reached XP level 1. HP: 13/13 MP: 3/3
   317 | D:1      | Reached skill level 1 in Fighting
   317 | D:1      | Reached XP level 2. HP: 19/21 MP: 0/4
   493 | D:1      | Learned a level 2 spell: Call Imp
   855 | D:2      | Reached XP level 3. HP: 4/26 MP: 0/6
   963 | D:2      | Learned a level 3 spell: Call Canine Familiar
  1221 | D:2      | Found a sacrificial altar of Ru.
  1843 | D:3      | Reached XP level 4. HP: 22/33 MP: 2/7
  1852 | D:3      | Reached skill level 1 in Staves
  2325 | D:4      | Found a glowing golden altar of the Shining One.
  2486 | D:4      | Noticed a phantom
  2522 | D:4      | Killed a phantom
  2522 | D:4      | Reached skill level 5 in Summonings
  2522 | D:4      | Reached XP level 5. HP: 21/38 MP: 0/9
  2552 | D:4      | HP: 1/38 [giant gecko (1)]
  2553 | D:4      | Slain by a giant gecko

Action                   |  1- 3 |  4- 6 || total
-------------------------+-------+-------++-------
Melee: Unarmed           |    46 |       ||    46
       Short sword       |    54 |       ||    54
       Quarterstaff      |    17 |    74 ||    91
 Cast: Summon Small Mamm |    16 |       ||    16
       Call Imp          |     5 |     3 ||     8
       Call Canine Famil |     1 |     5 ||     6
Evoke: Wand              |       |     3 ||     3
  Use: Potion            |     2 |       ||     2
       Scroll            |       |     4 ||     4
 Stab: Sleeping          |     5 |     1 ||     6
       Distracted        |     1 |       ||     1
  Eat: Corpse            |     7 |     4 ||    11
